 Dungeon Crawl Stone Soup version 0.24.1-4-ge52af88ad5 (webtiles) character file.

Game seed: 5021117783691270980, levelgen mode: deterministic

354 MajorAdolf the Skirmisher (level 6, -9/61 HPs)
             Began as a Naga Wanderer on Apr 12, 2020.
             Killed from afar by Dowan (14 damage)
             ... with a stone arrow
             ... on level 5 of the Dungeon.
             The game lasted 00:10:57 (3538 turns).

MajorAdolf the Skirmisher (Naga Wanderer)           Turns: 3538, Time: 00:10:58

Health: -9/61      AC:  8    Str: 15    XL:     6   Next: 63%
Magic:  6/6        EV:  5    Int: 13    God:
Gold:   48         SH:  0    Dex: 11    Spells: 5/5 levels left

rFire    . . .     SeeInvis +   r - +0 dagger (elec)
rCold    . . .     Gourm    .   (no shield)
rNeg     . . .     Faith    .   l - +1 chain mail
rPois    +         Spirit   .   (no helmet)
rElec    .         Reflect  .   (no cloak)
rCorr    .         Harm     .   (no gloves)
MR       .....                  (no barding)
Stlth    ..........             (no amulet)
HPRegen  0.20/turn              (no ring)
MPRegen  0.10/turn              (no ring)

@: very slow
A: large, see invisible, deformed body, poison resistance, slowness 2, slow
metabolism 1, spit poison 1, AC +2
a: Spit Poison


You were on level 5 of the Dungeon.
You were not hungry.

You visited 1 branch of the dungeon, and saw 5 of its levels.

You collected 48 gold pieces.

Inventory:

Hand Weapons
 a - a +2 dagger
 r - a +0 dagger of electrocution (weapon)
 t - a +0 hand axe
Missiles
 c - 52 poisoned darts
 g - 123 stones (quivered)
Armour
 e - a +0 robe
 j - a +0 ring mail
 l - a +1 chain mail (worn)
 u - a cursed -1 ring mail
Jewellery
 k - an uncursed amulet of magic regeneration
 m - an uncursed amulet of harm {unknown}
 n - a +2 ring of dexterity {unknown}
 q - a cursed -2 ring of strength {unknown}
Scrolls
 b - a scroll of blinking
 h - a scroll of enchant armour
 i - 2 scrolls of remove curse
 p - a scroll of fog
Potions
 d - a potion of lignification
Comestibles
 f - 5 rations
 v - 5 chunks of flesh


   Skills:
 - Level 5.1 Fighting
 * Level 3.9 Axes
 + Level 3.2 Armour
 - Level 2.1 Dodging
 - Level 3.2 Stealth
   Level 1.0 Shields
 - Level 1.0 Unarmed Combat


You had 5 spell levels left.
You didn't know any spells.
Your spell library was empty.

Dungeon Overview and Level Annotations

Branches:
Dungeon (5/15)
 Temple: D:4-7

Altars:

Shops:
D:5 %

Annotations:
D:2 Terence
D:3 exclusions: orc and orc wizard
D:4 Pikel
D:5 Dowan


Innate Abilities, Weirdness & Mutations

You cannot wear boots.
Your serpentine skin is tough. (AC +2)
You have supernaturally acute eyesight. (SInv)
Armour fits poorly on your strangely shaped body.
Your system is resistant to poisons. (rPois)
You cover ground very slowly.
You have a slow metabolism.
You can spit poison.


Message History

Unknown command.
You hit Dowan but do no damage. Dowan hits you but does no damage.
Unknown command.
You hit Dowan.
Dowan is lightly wounded.
Dowan casts a spell.
Dowan blinks!
Unknown command.
Okay, then.
Dowan mumbles some strange words.
Dowan blinks!
You start resting.
Dowan is too close now for your liking.
You hit Dowan.
Dowan is lightly wounded.
Dowan hits you but does no damage.
You are electrocuted!
* * * LOW HITPOINT WARNING * * *
Dowan casts a spell at you. The stone arrow hits you!
You die...

#........#####.#
.##.#.......#.##########
#.............>....
#..###.#.#########. #
#.#.##e#.## #.
#.##..)........######.
#.∩...................
####e####.####.###..##
#...@.# # .# #..#
#.....# ##.####..#
........... .........#
.##......### ##.###..)##
#......# #.###.#
#.##.### #. #.. #. #.#
#. #.# # #. # ... ..#


You could see Dowan.

Vanquished Creatures
  Duvessa (D:5)
  A slave (D:3)
  An ogre (D:5)
  A phantom (D:4)
  3 adders
  2 dart slugs (D:2)
  A leopard gecko (D:4)
  An orc (D:4)
  A bat (D:1)
  2 giant cockroaches
  7 goblins
  7 hobgoblins
  9 jackals
  7 kobolds
  5 frilled lizards
  2 rats
51 creatures vanquished.

Notes
Turn   | Place    | Note
-------+----------+-------------------------------------------
     0 | D:1      | MajorAdolf the Naga Wanderer began the quest for the Orb.
     0 | D:1      | MajorAdolf set off with the following items: a +2 dagger, a
                  | scroll of blinking, a potion of curing, a potion of
                  | lignification, a +0 robe, a ration
     0 | D:1      | Reached XP level 1. HP: 25/25 MP: 1/1
   194 | D:1      | Reached XP level 2. HP: 32/32 MP: 2/2
   376 | D:1      | Reached skill level 1 in Armour
   988 | D:2      | Reached XP level 3. HP: 27/39 MP: 3/3
  1414 | D:2      | Noticed Terence
  2160 | D:3      | Reached XP level 4. HP: 46/46 MP: 4/4
  2979 | D:4      | Noticed Pikel
  2979 | D:4      | Noticed a slave
  2979 | D:4      | Noticed a slave
  2991 | D:4      | Noticed a slave
  2993 | D:4      | Paralysed by Pikel for 2 turns
  3006 | D:3      | Killed a slave
  3167 | D:4      | Noticed a phantom
  3377 | D:4      | Killed a phantom
  3377 | D:4      | Reached XP level 5. HP: 43/52 MP: 5/5
  3463 | D:5      | Entered Level 5 of the Dungeon
  3473 | D:5      | Noticed an ogre
  3477 | D:5      | Killed an ogre
  3477 | D:5      | Reached XP level 6. HP: 61/61 MP: 6/6
  3516 | D:5      | Noticed Dowan
  3516 | D:5      | Noticed Duvessa
  3521 | D:5      | Found Myatata's Food Emporium.
  3527 | D:5      | Killed Duvessa
  3538 | D:5      | Killed from afar by Dowan

Levels and vault maps discovered:
D:1:      dpeg_arrival_boxorama, layout_rooms, nrook_mini_vaults,
          dk_noncrumbling_2, minmay_misc_feat_plants
D:2:      layout_basic, uniq_terence, uniq_crazy_yiuf_cottage
D:3:      layout_basic
D:4:      layout_cave_pools, serial_column_ruins, column_ruins_square_small,
          column_ruins_circle_large, column_ruins_grid_1,
          column_ruins_corridor_T, column_ruins_columns_straight,
          column_ruins_columns_corner, column_ruins_open_tiny,
          column_ruins_open_medium, chequers_serial_rivers_large_b,
          grunt_ministairs_13, uniq_pikel
D:5:      layout_loops_ring, first_ration, nicolae_ossuary_entry_giza,
          serial_shops, shop, shop, shop, nicolae_shop_statue_plus, uniq_duvessa

Skill      XL: |  1  2  3  4  5 |
---------------+----------------+-----
Armour         | 1 2 3 |  3.2
Axes           | 2 3 |  3.9
Dodging        | 2 |  2.1
Fighting       | |  5.1
Stealth        | |  3.2
Shields        | |  1.0
Unarmed Combat | |  1.0

Action                   |  1- 3 |  4- 6 || total
-------------------------+-------+-------++-------
Melee: Dagger            |    81 |    84 ||   165
Throw: Stone             |     1 |       ||     1
 Abil: Spit Poison       |    19 |     7 ||    26
  Use: Potion            |     3 |       ||     3
       Scroll            |       |     5 ||     5
 Stab: Distracted        |     1 |       ||     1
       Sleeping          |     3 |     1 ||     4
  Eat: Chunk             |     3 |     5 ||     8
Armor: Ring mail         |    19 |    28 ||    47
       Chain mail        |       |     8 ||     8
Dodge: Dodged            |    29 |    42 ||    71
